Harfangs vs Knights
Created - February 22, 2019 at 19:48
Goals
|
| Harfangs |
1 |
2 |
1 |
4 |
| Knights |
1 |
1 |
0 |
2 |
|
Shots
|
| Harfangs |
21 |
13 |
10 |
44 |
| Knights |
15 |
10 |
9 |
34 |
|
1st period
1. Knights , Brendan Gaunce 16 (Brandon Saad 21) at 2:21
2. Harfangs , Michael Bournival 21 (Victor Bartley 14, Cody Eakin 44) at 18:49
Penalties :
No Penalty
2nd period
3. Harfangs , Michael Bournival 22 (Nick Sorensen 3, Victor Bartley 15) at 4:37
4. Knights , Jordan Martinook 11 (Brendan Gaunce 15, Michael Matheson 13) at 14:28
5. Harfangs , Cody Eakin 24 (Jimmy Hayes 44, Andreas Martinsen 22) at 16:29
Penalties :
No Penalty
3rd period
6. Harfangs , Colton Sissons 5 (Dustin Jeffrey 6, Jeff Petry 15) at 10:50
Penalties :
Noel Acciari (Lon) for Roughing (Minor) at 7:19
Goalie Stats
Anton Forsberg (BEA), 32 saves from 34 shots - (0.941), W, 14-15-1, 60:00 minutes
Magnus Hellberg (Lon), 40 saves from 44 shots - (0.909), L, 10-8-0, 60:00 minutes
Players Stats for Harfangs
Player Name G A P +/- PIM S H SB GA TA FO MP PP MP PK MP
------------------------------------------------------------------------------------
Andreas Martinsen 0 1 1 1 0 4 0 0 0 0 2/4 19:58 1:08 0:00
Brandon Pirri 0 0 0 0 0 3 0 0 0 0 0/0 13:15 0:51 0:00
Brenden Kichton 0 0 0 0 0 1 0 0 0 0 0/0 14:54 0:00 0:00
Calle Jarnkrok 0 0 0 1 0 1 1 0 0 0 4/9 15:20 0:51 0:00
Cody Eakin 1 1 2 1 0 5 3 0 1 0 15/32 20:18 1:08 0:00
Colton Sissons 1 0 1 0 0 5 1 0 0 0 2/4 12:32 0:00 0:00
Dustin Jeffrey 0 1 1 0 0 2 0 0 1 0 0/0 12:09 0:00 0:00
Jeff Petry 0 1 1 1 0 4 1 1 2 0 0/0 25:54 0:58 0:00
Jimmy Hayes 0 1 1 1 0 5 0 1 4 0 1/3 19:55 1:08 0:00
Jujhar Khaira 0 0 0 0 0 1 1 0 0 0 0/0 12:30 0:00 0:00
Mark Alt 0 0 0 0 0 1 0 0 0 1 0/0 14:54 0:00 0:00
Michael Bournival 2 0 2 1 0 4 0 1 0 0 0/0 15:38 0:51 0:00
Nick Sorensen 0 1 1 1 0 0 1 2 0 0 0/0 14:27 0:00 0:00
Oscar Sundqvist 0 0 0 0 0 2 0 0 0 1 5/6 12:09 0:00 0:00
Reid McNeill 0 0 0 1 0 1 0 2 0 0 0/0 22:23 0:58 0:00
Ryan Hartman 0 0 0 0 0 0 2 0 1 0 0/0 12:09 0:00 0:00
Steve McCarthy 0 0 0 1 0 2 2 2 1 0 0/0 19:12 1:01 0:00
Victor Bartley 0 2 2 1 0 3 2 5 0 2 0/0 22:23 1:01 0:00
Players Stats for Knights
Player Name G A P +/- PIM S H SB GA TA FO MP PP MP PK MP
------------------------------------------------------------------------------------
Boone Jenner 0 0 0 -1 0 2 1 1 0 0 2/11 13:34 0:00 1:03
Brandon Saad 0 1 1 0 0 1 2 0 0 0 0/0 12:19 0:00 0:49
Brendan Gaunce 1 1 2 2 0 1 1 0 0 1 0/1 10:24 0:00 0:49
Collin Miller 0 0 0 -2 0 2 2 5 0 1 0/0 22:33 0:00 0:49
Jaccob Slavin 0 0 0 -1 0 2 2 1 1 1 0/0 25:09 0:00 1:08
Jordan Martinook 1 0 1 2 0 1 1 0 0 0 0/0 9:17 0:00 0:00
Josh Bailey 0 0 0 -1 0 7 4 0 0 0 0/0 17:01 0:00 0:00
Linden Vey 0 0 0 0 0 1 1 0 0 1 0/0 12:06 0:00 0:00
Matthew Benning 0 0 0 0 0 0 1 0 1 1 0/0 17:04 0:00 0:00
Michael Matheson 0 1 1 -1 0 1 2 0 0 1 0/0 25:32 0:00 0:42
Michael Raffl 0 0 0 -1 0 5 1 0 0 0 0/0 18:28 0:00 1:06
Miro Aaltonen 0 0 0 -1 0 1 2 0 0 0 7/13 17:08 0:00 0:07
Noel Acciari 0 0 0 -3 2 4 1 1 0 0 15/25 20:15 0:00 0:00
Pavel Buchnevich 0 0 0 -2 0 1 1 0 1 1 3/5 19:12 0:00 0:00
Ronalds Kenins 0 0 0 -3 0 3 2 0 0 0 2/3 19:50 0:00 0:04
Tom Wilson 0 0 0 2 0 0 1 0 1 0 0/0 9:42 0:00 0:00
Tomas Kundratek 0 0 0 1 0 0 0 2 0 0 0/0 2:34 0:00 0:00
Zach Trotman 0 0 0 -1 0 2 0 0 0 3 0/0 25:52 0:00 1:19
3 Stars
1 - Michael Bournival (BEA)
2 - Cody Eakin (BEA)
3 - Victor Bartley (BEA)
Power Play
Harfangs - 0 on 1 Attempt(s) - 0.00%
Knights - 0 on 0 Attempt(s) - 0.00%
Penalty Kill
Harfangs - 0 on 0 Attempt(s) - 0.00%
- Score 0 goal in Penalty Kill
Knights - 1 on 1 Attempt(s) - 100.00%
- Score 0 goal in Penalty Kill
Team Stat
Harfangs - Hits : 14 - Faceoff Wins : 29 - Blocked Shots : 14 - Penalty Minutes : 0
Knights - Hits : 25 - Faceoff Wins : 29 - Blocked Shots : 10 - Penalty Minutes : 2
Official
Referees : Unknown
Linesman : Unknown
Game Notes
Tomas Kundratek is injured at 8:15 of 1st period (Sprained Left Finger)
Finance
Level 1 -- Attendance: 1549 (77.45%) -- Ticket Income $38,725
Level 2 -- Attendance: 767 (76.70%) -- Ticket Income $9,971
Total Attendance: 2316 (77.20%)
Total Ticket Income: $48,696
Other Income: $2,435
Total Income: $51,131
Harfangs
5 vs 5 Forward
Center Left Wing Right Wing Time % Phy DF OF
1 Cody Eakin Andreas Martinsen Jimmy Hayes 40 0 1 4
2 Calle Jarnkrok Michael Bournival Nick Sorensen 30 0 1 4
3 Oscar Sundqvist Jujhar Khaira Brandon Pirri 20 0 1 4
4 Colton Sissons Dustin Jeffrey Ryan Hartman 10 0 4 1
5 vs 5 Defense
Defense Defense Time % Phy DF OF
1 Jeff Petry Reid McNeill 40 1 3 1
2 Victor Bartley Steve McCarthy 30 1 3 1
3 Mark Alt Brenden Kichton 20 1 3 1
4 Jeff Petry Victor Bartley 10 1 3 1
PowerPlay Forward
Center Left Wing Right Wing Time % Phy DF OF
1 Cody Eakin Andreas Martinsen Jimmy Hayes 60 0 1 4
2 Calle Jarnkrok Michael Bournival Brandon Pirri 40 0 1 4
PowerPlay Defense
Defense Defense Time % Phy DF OF
1 Reid McNeill Jeff Petry 60 0 2 3
2 Steve McCarthy Victor Bartley 40 0 2 3
Penalty Kill 4 Players Forward
Center Wing Time % Phy DF OF
1 Oscar Sundqvist Jimmy Hayes 60 0 4 1
2 Calle Jarnkrok Brandon Pirri 40 0 4 1
Penalty Kill 4 Players Defense
Defense Defense Time % Phy DF OF
1 Reid McNeill Jeff Petry 60 1 4 0
2 Mark Alt Victor Bartley 40 1 4 0
Penalty Kill - 3 Players Forward
Forward Time % Phy DF OF
1 Oscar Sundqvist 60 0 4 1
2 Calle Jarnkrok 40 0 4 1
Penalty Kill - 3 Players Defense
Defense Defense Time % Phy DF OF
1 Reid McNeill Jeff Petry 60 1 4 0
2 Mark Alt Victor Bartley 40 1 4 0
4 vs 4 Forward
Center Wing Time % Phy DF OF
1 Calle Jarnkrok Brandon Pirri 60 0 2 3
2 Cody Eakin Andreas Martinsen 40 0 2 3
4 vs 4 Defense
Defense Defense Time % Phy DF OF
1 Reid McNeill Jeff Petry 60 1 3 1
2 Steve McCarthy Victor Bartley 40 1 3 1
Last Minutes Offensive
Center Left Wing Right Wing Defense Defense
Cody Eakin Michael Bournival Jimmy Hayes Jeff Petry Steve McCarthy
Last Minutes Defensive
Center Left Wing Right Wing Defense Defense
Cody Eakin Andreas Martinsen Jimmy Hayes Jeff Petry Steve McCarthy
Goaltenders
Starting : Anton Forsberg
Backup : Jason Kasdorf
Extra Forwards
Normal : Colton Sissons, Jujhar Khaira, Michael Bournival - PP : Colton Sissons, Jujhar Khaira - PK : Michael Bournival
Extra Defensemen
Normal : Victor Bartley, Reid McNeill, Jeff Petry - PP : Victor Bartley - PK : Victor Bartley, Jeff Petry
Penalty Shots
Jimmy Hayes, Cody Eakin, Brandon Pirri, Andreas Martinsen, Calle Jarnkrok
Scratches
Cristoval Nieves (Healthy), Jake Dotchin (Healthy), Dylan Olsen (Herniated Disc Injury), Blake Heinrich (Healthy), Morgan Klimchuk (Healthy)
Laurent Dauphin (Healthy), Brendan Leipsic (Healthy), Rinat Valiev (Healthy), Erik Nystrom (Healthy), Tomas Kubalik (Healthy)
Mark Visentin (Healthy), Scott Wedgewood (Healthy), Zachary Fucale (Healthy)
Knights
5 vs 5 Forward
Center Left Wing Right Wing Time % Phy DF OF
1 Noel Acciari Ronalds Kenins Pavel Buchnevich 40 1 2 2
2 Miro Aaltonen Michael Raffl Josh Bailey 30 1 2 2
3 Boone Jenner Brandon Saad Linden Vey 20 1 2 2
4 Brendan Gaunce Jordan Martinook Tom Wilson 10 1 2 2
5 vs 5 Defense
Defense Defense Time % Phy DF OF
1 Tomas Kundratek Jaccob Slavin 40 1 2 2
2 Zach Trotman Michael Matheson 32 1 1 3
3 Matthew Benning Collin Miller 18 1 2 2
4 Michael Matheson Jaccob Slavin 10 1 2 2
PowerPlay Forward
Center Left Wing Right Wing Time % Phy DF OF
1 Noel Acciari Michael Raffl Pavel Buchnevich 60 1 1 3
2 Miro Aaltonen Brandon Saad Josh Bailey 40 1 1 3
PowerPlay Defense
Defense Defense Time % Phy DF OF
1 Jaccob Slavin Tomas Kundratek 60 0 1 4
2 Michael Matheson Collin Miller 40 0 1 4
Penalty Kill 4 Players Forward
Center Wing Time % Phy DF OF
1 Noel Acciari Michael Raffl 60 1 3 1
2 Josh Bailey Brandon Saad 40 1 3 1
Penalty Kill 4 Players Defense
Defense Defense Time % Phy DF OF
1 Zach Trotman Tomas Kundratek 60 1 3 1
2 Michael Matheson Jaccob Slavin 40 1 3 1
Penalty Kill - 3 Players Forward
Forward Time % Phy DF OF
1 Michael Raffl 60 0 4 1
2 Noel Acciari 40 0 4 1
Penalty Kill - 3 Players Defense
Defense Defense Time % Phy DF OF
1 Zach Trotman Tomas Kundratek 60 1 3 1
2 Jaccob Slavin Michael Matheson 40 1 3 1
4 vs 4 Forward
Center Wing Time % Phy DF OF
1 Miro Aaltonen Josh Bailey 60 1 2 2
2 Noel Acciari Pavel Buchnevich 40 1 2 2
4 vs 4 Defense
Defense Defense Time % Phy DF OF
1 Tomas Kundratek Jaccob Slavin 60 1 2 2
2 Michael Matheson Zach Trotman 40 1 2 2
Last Minutes Offensive
Center Left Wing Right Wing Defense Defense
Noel Acciari Michael Raffl Pavel Buchnevich Tomas Kundratek Jaccob Slavin
Last Minutes Defensive
Center Left Wing Right Wing Defense Defense
Miro Aaltonen Michael Raffl Josh Bailey Tomas Kundratek Jaccob Slavin
Goaltenders
Starting : Magnus Hellberg
Backup : Ben Scrivens
Extra Forwards
Normal : Pavel Buchnevich, Linden Vey, Michael Raffl - PP : Josh Bailey, Michael Raffl - PK : Michael Raffl
Extra Defensemen
Normal : Jaccob Slavin, Zach Trotman, Michael Matheson - PP : Jaccob Slavin - PK : Jaccob Slavin, Michael Matheson
Penalty Shots
Michael Raffl, Noel Acciari, Pavel Buchnevich, Josh Bailey, Linden Vey
Scratches
Zach Nastasiuk (Healthy), Cody Bass (Healthy), Alan Quine (Healthy), Matt Puempel (Healthy), David Shields (Healthy)
Trevor Moore (Healthy), Scott Wilson (Healthy), Curtis Valk (Healthy), Anthony Louis (Healthy), Ludwig Bystrom (Healthy)
Brett Connolly (Healthy), Travis Boyd (Healthy), Nicolas Petan (Healthy), Vince Hinostroza (Healthy), Anton Blidh (Healthy)
A.J. Jenks (Healthy), Connor Knapp (Healthy), Eamon McAdam (Healthy), Philippe Desrosiers (Healthy), Ville Husso (Healthy)
% Time on Ice - Harfangs
Lines # - Real PCT - Wanted PCT - Time Play
Normal Forward
1 - 33% - 40% - 19:17
2 - 25% - 30% - 14:29
3 - 21% - 20% - 12:06
4 - 21% - 10% - 12:09
Normal Defense
1 - 37% - 40% - 21:19
2 - 31% - 30% - 18:11
3 - 26% - 20% - 14:54
4 - 6% - 10% - 3:37
PP Forward
1 - 57% - 60% - 1:08
2 - 43% - 40% - 0:51
PP Defense
1 - 49% - 60% - 0:58
2 - 51% - 40% - 1:01
PK Forward
1 - 0% - 60%
2 - 0% - 40%
PK Defense
1 - 0% - 60%
2 - 0% - 40%
PK3 Forward
1 - 0% - 60%
2 - 0% - 40%
PK3 Defense
1 - 0% - 60%
2 - 0% - 40%
44 Forward
1 - 0% - 60%
2 - 0% - 40%
44 Defense
1 - 0% - 60%
2 - 0% - 40%
Last Minute Offensive - 0:00
Last Minute Defensive - 0:00
Total
Forward - 60:00
Defense - 60:00
|
% Time on Ice - Knights
Lines # - Real PCT - Wanted PCT - Time Play
Normal Forward
1 - 35% - 40% - 20:03
2 - 30% - 30% - 17:35
3 - 19% - 20% - 11:06
4 - 16% - 10% - 9:17
Normal Defense
1 - 40% - 40% - 23:17
2 - 29% - 32% - 16:59
3 - 23% - 18% - 13:37
4 - 7% - 10% - 4:08
PP Forward
1 - 0% - 60%
2 - 0% - 40%
PP Defense
1 - 0% - 60%
2 - 0% - 40%
PK Forward
1 - 100% - 60% - 1:59
2 - 0% - 40% - 0:00
PK Defense
1 - 100% - 60% - 1:59
2 - 0% - 40% - 0:00
PK3 Forward
1 - 0% - 60%
2 - 0% - 40%
PK3 Defense
1 - 0% - 60%
2 - 0% - 40%
44 Forward
1 - 0% - 60%
2 - 0% - 40%
44 Defense
1 - 0% - 60%
2 - 0% - 40%
Last Minute Offensive - 0:00
Last Minute Defensive - 0:00
Total
Forward - 60:00
Defense - 60:00
|
Play-by-Play
1st period
0:01 of 1st period - Noel Acciari wins face-off versus Jimmy Hayes in neutral zone.
0:08 of 1st period - Snap shot by Noel Acciari.
0:08 of 1st period - Stopped by Anton Forsberg without a rebound.
0:09 of 1st period - Noel Acciari wins face-off versus Cody Eakin in Harfangs zone.
0:28 of 1st period - Wrist shot by Cody Eakin.
0:28 of 1st period - Stopped by Magnus Hellberg without a rebound.
0:29 of 1st period - Calle Jarnkrok wins face-off versus Miro Aaltonen in Knights zone.
0:56 of 1st period - Linden Vey is hit by Jujhar Khaira and loses puck.
1:37 of 1st period - Wrist shot by Jimmy Hayes.
1:37 of 1st period - Shot Misses the Net.
1:39 of 1st period - Slapshot by Brenden Kichton.
1:39 of 1st period - Deflect By Jimmy Hayes.
1:39 of 1st period - Stopped by Magnus Hellberg with a rebound.
2:03 of 1st period - Snap shot by Miro Aaltonen.
2:03 of 1st period - Deflect By Josh Bailey.
2:03 of 1st period - Stopped by Anton Forsberg with a rebound.
2:05 of 1st period - Slapshot by Collin Miller.
2:05 of 1st period - Shot Blocked by Michael Bournival.
2:07 of 1st period - Slapshot by Collin Miller.
2:07 of 1st period - Shot Misses the Net.
2:21 of 1st period - Snap shot by Brendan Gaunce.
2:21 of 1st period - Goal by Brendan Gaunce - Harfangs : 0 - Knights : 1.
2:22 of 1st period - Oscar Sundqvist wins face-off versus Boone Jenner in neutral zone.
2:31 of 1st period - Snap shot by Oscar Sundqvist.
2:31 of 1st period - Shot Misses the Net.
2:33 of 1st period - Snap shot by Victor Bartley.
2:33 of 1st period - Stopped by Magnus Hellberg without a rebound.
2:34 of 1st period - Miro Aaltonen wins face-off versus Cody Eakin in Knights zone.
3:04 of 1st period - Slapshot by Oscar Sundqvist.
3:04 of 1st period - Shot Blocked by Tomas Kundratek.
3:06 of 1st period - Backhand shot by Mark Alt.
3:06 of 1st period - Shot Misses the Net.
3:08 of 1st period - Snap shot by Mark Alt.
3:08 of 1st period - Shot Blocked by Tomas Kundratek.
3:10 of 1st period - Backhand shot by Brenden Kichton.
3:10 of 1st period - Shot Misses the Net.
3:47 of 1st period - Jeff Petry is hit by Josh Bailey and loses puck.
3:56 of 1st period - Wrist shot by Michael Raffl.
3:56 of 1st period - Stopped by Anton Forsberg with a rebound.
4:30 of 1st period - Wrist shot by Noel Acciari.
4:30 of 1st period - Shot Misses the Net.
4:36 of 1st period - Snap shot by Noel Acciari.
4:36 of 1st period - Shot Blocked by Victor Bartley.
4:52 of 1st period - Wrist shot by Pavel Buchnevich.
4:52 of 1st period - Shot Misses the Net.
4:54 of 1st period - Slapshot by Zach Trotman.
4:54 of 1st period - Stopped by Anton Forsberg with a rebound.
4:56 of 1st period - Slapshot by Zach Trotman.
4:56 of 1st period - Shot Misses the Net.
5:07 of 1st period - Icing by Steve McCarthy.
5:08 of 1st period - Miro Aaltonen wins face-off versus Andreas Martinsen in Harfangs zone.
5:13 of 1st period - Slapshot by Josh Bailey.
5:13 of 1st period - Stopped by Anton Forsberg without a rebound.
5:14 of 1st period - Miro Aaltonen wins face-off versus Cody Eakin in Harfangs zone.
5:20 of 1st period - Icing by Mark Alt.
5:21 of 1st period - Noel Acciari wins face-off versus Cody Eakin in Harfangs zone.
5:28 of 1st period - Snap shot by Ronalds Kenins.
5:28 of 1st period - Stopped by Anton Forsberg without a rebound.
5:29 of 1st period - Noel Acciari wins face-off versus Cody Eakin in Harfangs zone.
5:40 of 1st period - Snap shot by Ronalds Kenins.
5:40 of 1st period - Stopped by Anton Forsberg without a rebound.
5:41 of 1st period - Cody Eakin wins face-off versus Noel Acciari in Harfangs zone.
5:45 of 1st period - Off-side.
5:46 of 1st period - Cody Eakin wins face-off versus Noel Acciari in neutral zone.
5:49 of 1st period - Slapshot by Jimmy Hayes.
5:49 of 1st period - Shot Misses the Net.
5:51 of 1st period - Snap shot by Cody Eakin.
5:51 of 1st period - Shot Blocked by Jaccob Slavin.
5:53 of 1st period - Slapshot by Jeff Petry.
5:53 of 1st period - Shot Misses the Net.
5:55 of 1st period - Slapshot by Victor Bartley.
5:55 of 1st period - Deflect By Andreas Martinsen.
5:55 of 1st period - Stopped by Magnus Hellberg with a rebound.
6:33 of 1st period - Snap shot by Michael Raffl.
6:33 of 1st period - Stopped by Anton Forsberg without a rebound.
6:34 of 1st period - Oscar Sundqvist wins face-off versus Boone Jenner in Harfangs zone.
7:11 of 1st period - Slapshot by Brandon Pirri.
7:11 of 1st period - Stopped by Magnus Hellberg with a rebound.
7:13 of 1st period - Wrist shot by Jeff Petry.
7:13 of 1st period - Stopped by Magnus Hellberg with a rebound.
7:15 of 1st period - Slapshot by Oscar Sundqvist.
7:15 of 1st period - Shot Blocked by Collin Miller.
7:23 of 1st period - Wrist shot by Brandon Pirri.
7:23 of 1st period - Stopped by Magnus Hellberg with a rebound.
7:25 of 1st period - Slapshot by Steve McCarthy.
7:25 of 1st period - Stopped by Magnus Hellberg with a rebound.
7:27 of 1st period - Snap shot by Brandon Pirri.
7:27 of 1st period - Shot Blocked by Collin Miller.
7:29 of 1st period - Slapshot by Steve McCarthy.
7:29 of 1st period - Stopped by Magnus Hellberg with a rebound.
7:31 of 1st period - Slapshot by Steve McCarthy.
7:31 of 1st period - Deflect By Brandon Pirri.
7:31 of 1st period - Stopped by Magnus Hellberg without a rebound.
7:32 of 1st period - Cody Eakin wins face-off versus Pavel Buchnevich in Knights zone.
7:45 of 1st period - Slapshot by Ronalds Kenins.
7:45 of 1st period - Shot Blocked by Reid McNeill.
8:14 of 1st period - Tomas Kundratek is hit by Calle Jarnkrok and loses puck.
8:15 of 1st period - Tomas Kundratek from Knights is injured at 8:15 of 1st period (Sprained Left Finger).
8:16 of 1st period - Noel Acciari wins face-off versus Cody Eakin in Knights zone.
8:27 of 1st period - Wrist shot by Noel Acciari.
8:27 of 1st period - Stopped by Anton Forsberg without a rebound.
8:28 of 1st period - Pavel Buchnevich wins face-off versus Cody Eakin in Harfangs zone.
8:41 of 1st period - Slapshot by Ronalds Kenins.
8:41 of 1st period - Shot Misses the Net.
8:43 of 1st period - Wrist shot by Ronalds Kenins.
8:43 of 1st period - Shot Blocked by Steve McCarthy.
9:02 of 1st period - Wrist shot by Miro Aaltonen.
9:02 of 1st period - Shot Misses the Net.
9:19 of 1st period - Snap shot by Boone Jenner.
9:19 of 1st period - Stopped by Anton Forsberg with a rebound.
9:40 of 1st period - Victor Bartley is hit by Tom Wilson and loses puck.
9:57 of 1st period - Snap shot by Jimmy Hayes.
9:57 of 1st period - Stopped by Magnus Hellberg without a rebound.
9:58 of 1st period - Pavel Buchnevich wins face-off versus Cody Eakin in Knights zone.
10:14 of 1st period - Snap shot by Pavel Buchnevich.
10:14 of 1st period - Shot Misses the Net.
10:24 of 1st period - Michael Raffl is hit by Cody Eakin and loses puck.
10:31 of 1st period - Jimmy Hayes is hit by Miro Aaltonen and loses puck.
10:44 of 1st period - Jeff Petry is hit by Boone Jenner and loses puck.
11:26 of 1st period - Off-side.
11:27 of 1st period - Oscar Sundqvist wins face-off versus Miro Aaltonen in neutral zone.
11:53 of 1st period - Wrist shot by Brandon Pirri.
11:53 of 1st period - Shot Misses the Net.
11:56 of 1st period - Icing by Michael Matheson.
11:57 of 1st period - Miro Aaltonen wins face-off versus Cody Eakin in Knights zone.
12:02 of 1st period - Slapshot by Josh Bailey.
12:02 of 1st period - Stopped by Anton Forsberg with a rebound.
13:00 of 1st period - Wrist shot by Josh Bailey.
13:00 of 1st period - Stopped by Anton Forsberg with a rebound.
13:02 of 1st period - Snap shot by Michael Raffl.
13:02 of 1st period - Shot Misses the Net.
13:22 of 1st period - Snap shot by Josh Bailey.
13:22 of 1st period - Stopped by Anton Forsberg without a rebound.
13:23 of 1st period - Noel Acciari wins face-off versus Calle Jarnkrok in Harfangs zone.
13:24 of 1st period - Snap shot by Ronalds Kenins.
13:24 of 1st period - Shot Misses the Net.
13:51 of 1st period - Off-side.
13:52 of 1st period - Cody Eakin wins face-off versus Boone Jenner in neutral zone.
13:55 of 1st period - Wrist shot by Jimmy Hayes.
13:55 of 1st period - Shot Misses the Net.
13:57 of 1st period - Slapshot by Reid McNeill.
13:57 of 1st period - Stopped by Magnus Hellberg without a rebound.
13:58 of 1st period - Noel Acciari wins face-off versus Cody Eakin in Knights zone.
14:32 of 1st period - Snap shot by Calle Jarnkrok.
14:32 of 1st period - Stopped by Magnus Hellberg without a rebound.
14:33 of 1st period - Andreas Martinsen wins face-off versus Noel Acciari in Knights zone.
14:58 of 1st period - Michael Bournival is hit by Michael Matheson and loses puck.
15:21 of 1st period - Zach Trotman is hit by Colton Sissons.
15:25 of 1st period - Zach Trotman is hit by Ryan Hartman and loses puck.
16:00 of 1st period - Slapshot by Jujhar Khaira.
16:00 of 1st period - Shot Blocked by Collin Miller.
16:02 of 1st period - Snap shot by Jeff Petry.
16:02 of 1st period - Deflect By Jaccob Slavin.
16:02 of 1st period - Stopped by Magnus Hellberg with a rebound.
16:04 of 1st period - Snap shot by Cody Eakin.
16:04 of 1st period - Shot Blocked by Collin Miller.
16:06 of 1st period - Wrist shot by Andreas Martinsen.
16:06 of 1st period - Stopped by Magnus Hellberg with a rebound.
16:08 of 1st period - Snap shot by Jimmy Hayes.
16:08 of 1st period - Shot Misses the Net.
16:10 of 1st period - Wrist shot by Jimmy Hayes.
16:10 of 1st period - Stopped by Magnus Hellberg with a rebound.
17:07 of 1st period - Snap shot by Jujhar Khaira.
17:07 of 1st period - Stopped by Magnus Hellberg with a rebound.
17:31 of 1st period - Matthew Benning is hit by Cody Eakin and loses puck.
17:58 of 1st period - Off-side.
17:59 of 1st period - Ronalds Kenins wins face-off versus Colton Sissons in neutral zone.
18:02 of 1st period - Slapshot by Jaccob Slavin.
18:02 of 1st period - Shot Misses the Net.
18:10 of 1st period - Slapshot by Jeff Petry.
18:10 of 1st period - Stopped by Magnus Hellberg with a rebound.
18:12 of 1st period - Slapshot by Ryan Hartman.
18:12 of 1st period - Deflect By Dustin Jeffrey.
18:12 of 1st period - Stopped by Magnus Hellberg with a rebound.
18:47 of 1st period - Slapshot by Michael Bournival.
18:47 of 1st period - Stopped by Magnus Hellberg with a rebound.
18:49 of 1st period - Wrist shot by Michael Bournival.
18:49 of 1st period - Goal by Michael Bournival - Harfangs : 1 - Knights : 1.
18:50 of 1st period - Noel Acciari wins face-off versus Cody Eakin in neutral zone.
19:07 of 1st period - Jimmy Hayes is hit by Noel Acciari and loses puck.
19:49 of 1st period - Slapshot by Michael Raffl.
19:49 of 1st period - Shot Blocked by Victor Bartley.
19:55 of 1st period - Wrist shot by Michael Raffl.
19:55 of 1st period - Stopped by Anton Forsberg with a rebound.
19:57 of 1st period - Snap shot by Michael Matheson.
19:57 of 1st period - Shot Blocked by Victor Bartley.
Goals for this period are 1 for Harfangs vs 1 for Knights.
Shots for this period are 21 for Harfangs vs 15 for Knights.
2nd period
0:01 of 2nd period - Noel Acciari wins face-off versus Cody Eakin in neutral zone.
0:04 of 2nd period - Jeff Petry is hit by Michael Matheson and loses puck.
0:34 of 2nd period - Slapshot by Collin Miller.
0:34 of 2nd period - Stopped by Anton Forsberg with a rebound.
0:52 of 2nd period - Snap shot by Josh Bailey.
0:52 of 2nd period - Shot Misses the Net.
0:54 of 2nd period - Slapshot by Michael Matheson.
0:54 of 2nd period - Stopped by Anton Forsberg with a rebound.
2:03 of 2nd period - Steve McCarthy is hit by Collin Miller and loses puck.
2:10 of 2nd period - Wrist shot by Josh Bailey.
2:10 of 2nd period - Shot Misses the Net.
2:12 of 2nd period - Snap shot by Michael Raffl.
2:12 of 2nd period - Stopped by Anton Forsberg without a rebound.
2:13 of 2nd period - Noel Acciari wins face-off versus Cody Eakin in Harfangs zone.
2:14 of 2nd period - Snap shot by Ronalds Kenins.
2:14 of 2nd period - Stopped by Anton Forsberg with a rebound.
2:24 of 2nd period - Snap shot by Cody Eakin.
2:24 of 2nd period - Stopped by Magnus Hellberg with a rebound.
2:26 of 2nd period - Backhand shot by Andreas Martinsen.
2:26 of 2nd period - Stopped by Magnus Hellberg without a rebound.
2:27 of 2nd period - Noel Acciari wins face-off versus Calle Jarnkrok in Knights zone.
2:32 of 2nd period - Wrist shot by Calle Jarnkrok.
2:32 of 2nd period - Shot Hit the Post.
2:42 of 2nd period - Slapshot by Calle Jarnkrok.
2:42 of 2nd period - Shot Misses the Net.
3:38 of 2nd period - Slapshot by Brenden Kichton.
3:38 of 2nd period - Stopped by Magnus Hellberg with a rebound.
3:40 of 2nd period - Snap shot by Colton Sissons.
3:40 of 2nd period - Stopped by Magnus Hellberg without a rebound.
3:41 of 2nd period - Noel Acciari wins face-off versus Colton Sissons in Knights zone.
4:00 of 2nd period - Wrist shot by Colton Sissons.
4:00 of 2nd period - Stopped by Magnus Hellberg without a rebound.
4:01 of 2nd period - Miro Aaltonen wins face-off versus Cody Eakin in Knights zone.
4:12 of 2nd period - Wrist shot by Miro Aaltonen.
4:12 of 2nd period - Stopped by Anton Forsberg with a rebound.
4:14 of 2nd period - Slapshot by Zach Trotman.
4:14 of 2nd period - Stopped by Anton Forsberg with a rebound.
4:35 of 2nd period - Wrist shot by Michael Bournival.
4:35 of 2nd period - Shot Blocked by Collin Miller.
4:37 of 2nd period - Snap shot by Nick Sorensen.
4:37 of 2nd period - Deflect By Michael Bournival.
4:37 of 2nd period - Goal by Michael Bournival - Harfangs : 2 - Knights : 1.
4:38 of 2nd period - Cody Eakin wins face-off versus Noel Acciari in neutral zone.
5:54 of 2nd period - Slapshot by Jordan Martinook.
5:54 of 2nd period - Shot Misses the Net.
6:30 of 2nd period - Zach Trotman is hit by Nick Sorensen and loses puck.
6:42 of 2nd period - Mark Alt is hit by Brandon Saad and loses puck.
7:06 of 2nd period - Brenden Kichton is hit by Miro Aaltonen and loses puck.
7:23 of 2nd period - Snap shot by Jimmy Hayes.
7:23 of 2nd period - Stopped by Magnus Hellberg with a rebound.
7:39 of 2nd period - Snap shot by Colton Sissons.
7:39 of 2nd period - Stopped by Magnus Hellberg without a rebound.
7:40 of 2nd period - Colton Sissons wins face-off versus Brendan Gaunce in Knights zone.
7:47 of 2nd period - Dustin Jeffrey is hit by Jordan Martinook and loses puck.
8:22 of 2nd period - Ryan Hartman is hit by Brendan Gaunce and loses puck.
8:29 of 2nd period - Steve McCarthy is hit by Jaccob Slavin and loses puck.
8:36 of 2nd period - Steve McCarthy is hit by Jaccob Slavin and loses puck.
8:52 of 2nd period - Tom Wilson is hit by Ryan Hartman and loses puck.
9:03 of 2nd period - Wrist shot by Zach Trotman.
9:03 of 2nd period - Shot Blocked by Victor Bartley.
9:05 of 2nd period - Slapshot by Brendan Gaunce.
9:05 of 2nd period - Shot Misses the Net.
9:37 of 2nd period - Slapshot by Colton Sissons.
9:37 of 2nd period - Deflect By Dustin Jeffrey.
9:37 of 2nd period - Shot Blocked by Noel Acciari.
9:37 of 2nd period - Puck is out of play.
9:38 of 2nd period - Andreas Martinsen wins face-off versus Noel Acciari in Knights zone.
10:00 of 2nd period - Andreas Martinsen is hit by Ronalds Kenins.
10:10 of 2nd period - Brenden Kichton is hit by Linden Vey and loses puck.
10:15 of 2nd period - Snap shot by Brandon Saad.
10:15 of 2nd period - Shot Misses the Net.
10:23 of 2nd period - Wrist shot by Linden Vey.
10:23 of 2nd period - Stopped by Anton Forsberg with a rebound.
11:19 of 2nd period - Snap shot by Boone Jenner.
11:19 of 2nd period - Deflect By Linden Vey.
11:19 of 2nd period - Shot Misses the Net.
11:19 of 2nd period - Puck is out of play.
11:20 of 2nd period - Calle Jarnkrok wins face-off versus Boone Jenner in Harfangs zone.
12:25 of 2nd period - Icing by Nick Sorensen.
12:26 of 2nd period - Oscar Sundqvist wins face-off versus Boone Jenner in Harfangs zone.
13:18 of 2nd period - Steve McCarthy is hit by Josh Bailey.
14:28 of 2nd period - Snap shot by Jordan Martinook.
14:28 of 2nd period - Goal by Jordan Martinook - Harfangs : 2 - Knights : 2.
14:29 of 2nd period - Jimmy Hayes wins face-off versus Noel Acciari in neutral zone.
14:32 of 2nd period - Slapshot by Victor Bartley.
14:32 of 2nd period - Deflect By Ronalds Kenins.
14:32 of 2nd period - Stopped by Magnus Hellberg with a rebound.
14:42 of 2nd period - Backhand shot by Pavel Buchnevich.
14:42 of 2nd period - Shot Misses the Net.
15:07 of 2nd period - Snap shot by Michael Bournival.
15:07 of 2nd period - Stopped by Magnus Hellberg with a rebound.
15:23 of 2nd period - Snap shot by Oscar Sundqvist.
15:23 of 2nd period - Stopped by Magnus Hellberg with a rebound.
15:25 of 2nd period - Slapshot by Jeff Petry.
15:25 of 2nd period - Stopped by Magnus Hellberg without a rebound.
15:26 of 2nd period - Noel Acciari wins face-off versus Andreas Martinsen in Knights zone.
15:37 of 2nd period - Slapshot by Jaccob Slavin.
15:37 of 2nd period - Stopped by Anton Forsberg with a rebound.
15:52 of 2nd period - Off-side.
15:53 of 2nd period - Miro Aaltonen wins face-off versus Calle Jarnkrok in neutral zone.
15:56 of 2nd period - Slapshot by Zach Trotman.
15:56 of 2nd period - Shot Blocked by Steve McCarthy.
16:18 of 2nd period - Noel Acciari is hit by Steve McCarthy and loses puck.
16:29 of 2nd period - Snap shot by Cody Eakin.
16:29 of 2nd period - Deflect By Michael Matheson.
16:29 of 2nd period - Goal by Cody Eakin - Harfangs : 3 - Knights : 2.
16:30 of 2nd period - Cody Eakin wins face-off versus Noel Acciari in neutral zone.
16:57 of 2nd period - Michael Bournival is hit by Michael Raffl and loses puck.
17:38 of 2nd period - Snap shot by Noel Acciari.
17:38 of 2nd period - Shot Blocked by Jimmy Hayes.
17:40 of 2nd period - Slapshot by Collin Miller.
17:40 of 2nd period - Shot Misses the Net.
17:42 of 2nd period - Snap shot by Matthew Benning.
17:42 of 2nd period - Shot Blocked by Victor Bartley.
18:02 of 2nd period - Snap shot by Dustin Jeffrey.
18:02 of 2nd period - Deflect By Ryan Hartman.
18:02 of 2nd period - Shot Misses the Net.
18:02 of 2nd period - Puck is out of play.
18:03 of 2nd period - Colton Sissons wins face-off versus Miro Aaltonen in Knights zone.
18:12 of 2nd period - Backhand shot by Dustin Jeffrey.
18:12 of 2nd period - Shot Misses the Net.
19:38 of 2nd period - Wrist shot by Michael Raffl.
19:38 of 2nd period - Stopped by Anton Forsberg without a rebound.
19:39 of 2nd period - Pavel Buchnevich wins face-off versus Jimmy Hayes in Harfangs zone.
Goals for this period are 2 for Harfangs vs 1 for Knights.
Shots for this period are 13 for Harfangs vs 10 for Knights.
3rd period
0:01 of 3rd period - Cody Eakin wins face-off versus Noel Acciari in neutral zone.
0:35 of 3rd period - Jujhar Khaira is hit by Collin Miller and loses puck.
0:49 of 3rd period - Reid McNeill is hit by Pavel Buchnevich and loses puck.
1:36 of 3rd period - Off-side.
1:37 of 3rd period - Cody Eakin wins face-off versus Boone Jenner in neutral zone.
1:48 of 3rd period - Snap shot by Cody Eakin.
1:48 of 3rd period - Stopped by Magnus Hellberg with a rebound.
1:50 of 3rd period - Slapshot by Andreas Martinsen.
1:50 of 3rd period - Stopped by Magnus Hellberg with a rebound.
1:52 of 3rd period - Slapshot by Mark Alt.
1:52 of 3rd period - Deflect By Cody Eakin.
1:52 of 3rd period - Deflect By Collin Miller.
1:52 of 3rd period - Shot Misses the Net.
1:52 of 3rd period - Puck is out of play.
1:53 of 3rd period - Calle Jarnkrok wins face-off versus Miro Aaltonen in Knights zone.
1:54 of 3rd period - Snap shot by Michael Bournival.
1:54 of 3rd period - Shot Misses the Net.
1:56 of 3rd period - Slapshot by Victor Bartley.
1:56 of 3rd period - Shot Misses the Net.
2:05 of 3rd period - Off-side.
2:06 of 3rd period - Cody Eakin wins face-off versus Boone Jenner in neutral zone.
3:46 of 3rd period - Michael Raffl is hit by Cody Eakin.
4:10 of 3rd period - Collin Miller is hit by Victor Bartley and loses puck.
4:29 of 3rd period - Snap shot by Noel Acciari.
4:29 of 3rd period - Shot Blocked by Nick Sorensen.
5:25 of 3rd period - Snap shot by Brandon Pirri.
5:25 of 3rd period - Shot Blocked by Boone Jenner.
5:31 of 3rd period - Snap shot by Oscar Sundqvist.
5:31 of 3rd period - Stopped by Magnus Hellberg without a rebound.
5:32 of 3rd period - Ronalds Kenins wins face-off versus Cody Eakin in Knights zone.
5:37 of 3rd period - Cody Eakin is hit by Ronalds Kenins and loses puck.
5:42 of 3rd period - Snap shot by Ronalds Kenins.
5:42 of 3rd period - Shot Misses the Net.
5:44 of 3rd period - Slapshot by Collin Miller.
5:44 of 3rd period - Stopped by Anton Forsberg with a rebound.
5:46 of 3rd period - Wrist shot by Noel Acciari.
5:46 of 3rd period - Stopped by Anton Forsberg with a rebound.
5:48 of 3rd period - Snap shot by Noel Acciari.
5:48 of 3rd period - Stopped by Anton Forsberg without a rebound.
5:49 of 3rd period - Miro Aaltonen wins face-off versus Calle Jarnkrok in Harfangs zone.
5:54 of 3rd period - Wrist shot by Josh Bailey.
5:54 of 3rd period - Stopped by Anton Forsberg with a rebound.
6:02 of 3rd period - Wrist shot by Josh Bailey.
6:02 of 3rd period - Stopped by Anton Forsberg with a rebound.
6:04 of 3rd period - Snap shot by Miro Aaltonen.
6:04 of 3rd period - Deflect By Josh Bailey.
6:04 of 3rd period - Shot Blocked by Nick Sorensen.
6:04 of 3rd period - Puck is out of play.
6:05 of 3rd period - Noel Acciari wins face-off versus Cody Eakin in Harfangs zone.
6:54 of 3rd period - Reid McNeill is hit by Matthew Benning and loses puck.
6:58 of 3rd period - Icing by Reid McNeill.
6:59 of 3rd period - Noel Acciari wins face-off versus Oscar Sundqvist in Harfangs zone.
7:19 of 3rd period - Minor Penalty to Noel Acciari for Roughing.
7:20 of 3rd period - Cody Eakin wins face-off versus Boone Jenner in Knights zone.
7:28 of 3rd period - Wrist shot by Cody Eakin.
7:28 of 3rd period - Stopped by Magnus Hellberg without a rebound.
7:29 of 3rd period - Cody Eakin wins face-off versus Boone Jenner in Knights zone.
9:19 of 3rd period - Penalty to Noel Acciari is over, Noel Acciari is back on ice.
9:45 of 3rd period - Wrist shot by Ronalds Kenins.
9:45 of 3rd period - Shot Blocked by Reid McNeill.
9:55 of 3rd period - Slapshot by Jaccob Slavin.
9:55 of 3rd period - Shot Blocked by Jeff Petry.
10:48 of 3rd period - Snap shot by Dustin Jeffrey.
10:48 of 3rd period - Shot Misses the Net.
10:50 of 3rd period - Wrist shot by Colton Sissons.
10:50 of 3rd period - Goal by Colton Sissons - Harfangs : 4 - Knights : 2.
10:51 of 3rd period - Cody Eakin wins face-off versus Miro Aaltonen in neutral zone.
11:16 of 3rd period - Jordan Martinook is hit by Steve McCarthy and loses puck.
11:47 of 3rd period - Slapshot by Mark Alt.
11:47 of 3rd period - Stopped by Magnus Hellberg with a rebound.
11:49 of 3rd period - Wrist shot by Andreas Martinsen.
11:49 of 3rd period - Shot Misses the Net.
11:51 of 3rd period - Wrist shot by Jimmy Hayes.
11:51 of 3rd period - Stopped by Magnus Hellberg with a rebound.
11:53 of 3rd period - Slapshot by Cody Eakin.
11:53 of 3rd period - Shot Misses the Net.
12:18 of 3rd period - Miro Aaltonen is hit by Victor Bartley and loses puck.
12:51 of 3rd period - Jujhar Khaira is hit by Brandon Saad and loses puck.
13:25 of 3rd period - Ronalds Kenins is hit by Jeff Petry and loses puck.
13:43 of 3rd period - Icing by Nick Sorensen.
13:44 of 3rd period - Oscar Sundqvist wins face-off versus Miro Aaltonen in Harfangs zone.
13:44 of 3rd period - Oscar Sundqvist is hit by Josh Bailey.
14:42 of 3rd period - Wrist shot by Dustin Jeffrey.
14:42 of 3rd period - Deflect By Colton Sissons.
14:42 of 3rd period - Stopped by Magnus Hellberg with a rebound.
14:44 of 3rd period - Slapshot by Dustin Jeffrey.
14:44 of 3rd period - Stopped by Magnus Hellberg without a rebound.
14:45 of 3rd period - Calle Jarnkrok wins face-off versus Noel Acciari in Knights zone.
14:54 of 3rd period - Slapshot by Noel Acciari.
14:54 of 3rd period - Shot Hit the Post.
14:56 of 3rd period - Snap shot by Pavel Buchnevich.
14:56 of 3rd period - Stopped by Anton Forsberg with a rebound.
14:58 of 3rd period - Slapshot by Jaccob Slavin.
14:58 of 3rd period - Stopped by Anton Forsberg without a rebound.
14:59 of 3rd period - Cody Eakin wins face-off versus Noel Acciari in Harfangs zone.
16:14 of 3rd period - Off-side.
16:15 of 3rd period - Cody Eakin wins face-off versus Ronalds Kenins in neutral zone.
16:39 of 3rd period - Off-side.
16:40 of 3rd period - Boone Jenner wins face-off versus Calle Jarnkrok in neutral zone.
16:47 of 3rd period - Snap shot by Linden Vey.
16:47 of 3rd period - Shot Misses the Net.
16:49 of 3rd period - Snap shot by Brandon Saad.
16:49 of 3rd period - Stopped by Anton Forsberg without a rebound.
16:50 of 3rd period - Boone Jenner wins face-off versus Cody Eakin in Harfangs zone.
16:53 of 3rd period - Slapshot by Boone Jenner.
16:53 of 3rd period - Stopped by Anton Forsberg with a rebound.
18:26 of 3rd period - Slapshot by Victor Bartley.
18:26 of 3rd period - Stopped by Magnus Hellberg with a rebound.
18:56 of 3rd period - Cody Eakin is hit by Josh Bailey and loses puck.
19:20 of 3rd period - Icing by Collin Miller.
19:21 of 3rd period - Cody Eakin wins face-off versus Pavel Buchnevich in Knights zone.
Goals for this period are 1 for Harfangs vs 0 for Knights.
Shots for this period are 10 for Harfangs vs 9 for Knights.
Back to the Top